 Dungeon Crawl Stone Soup version 0.18-a0-1354-gbc5753f (webtiles) character file.

232 Azzok the Sneak (level 6, -10/42 HPs)
             Began as an Octopode Fighter on Feb 19, 2016.
             Mangled by Azzok's ghost (12 damage)
             ... on level 4 of the Dungeon.
             The game lasted 00:08:55 (2666 turns).

Azzok the Sneak (Octopode Fighter)                  Turns: 2666, Time: 00:08:55

Health: -10/42     AC:  1    Str: 16    XL:     6   Next: 4%
Magic:  6/6        EV: 10    Int: 10    God:
Gold:   115        SH: 10    Dex: 13    Spells: 0 memorised, 5 levels left

rFire  . . .     SeeInvis .     t - -3 short sword (curse)
rCold  . . .     Gourm    .     b - +1 shield
rNeg   . . .     Faith    .     (helmet restricted)
rPois  .         Spirit   .     (no amulet)
rElec  .         Dismiss  .     (no ring)
rCorr  .         Reflect  .     (no ring)
SustAt .         Harm     .     (no ring)
MR     .....                    (no ring)
Stlth  ++........               (no ring)
                                (no ring)
                                (no ring)
                                (no ring)

@: glowing, not resistant to hostile enchantments, unstealthy
A: almost no armour, amphibious, 8 rings, constrict 8, camouflage 1, gelatinous
body 1
a: no special abilities


You were on level 4 of the Dungeon.
You were hungry.

You visited 1 branch of the dungeon, and saw 4 of its levels.

You collected 115 gold pieces.

Inventory:

Hand Weapons
 a - a +0 rapier
 l - a +0 blowgun
 r - a -2 short sword
 t - a cursed -3 short sword (weapon)
Missiles
 s - 12 poisoned needles
Armour
 b - a +1 shield (worn)
Wands
 p - a wand of confusion (22/48)
Scrolls
 f - a scroll of blinking
 j - a scroll of recharging
 x - a scroll of enchant armour
Potions
 c - 2 potions of might
 e - a potion of haste {unknown}
 g - 2 potions of ambrosia
 h - 2 potions of curing {unknown}
 i - 2 potions of resistance {unknown}
 m - a potion of cancellation {unknown}
 n - a potion of cure mutation {unknown}
 o - a potion of heal wounds {unknown}
 u - a potion of brilliance {unknown}
Comestibles
 d - 2 bread rations
 k - 3 fruits
 q - 3 beef jerkies
 v - 8 chunks of flesh


   Skills:
 - Level 3.0 Fighting
 + Level 3.8 Short Blades
 - Level 3.0 Dodging
 * Level 6.5 Stealth
 - Level 3.0 Shields


You had 5 spell levels left.
You didn't know any spells.

Dungeon Overview and Level Annotations

Branches:
Dungeon (4/15)
 Temple: D:4-7

Altars:
Cheibriados
Elyvilon
Fedhas
Kikubaaqudgha
The Shining One

Shops:
D:4 =

Annotations:
D:4 jew, Azzok's ghost, amateur SpEn


Innate Abilities, Weirdness & Mutations

You cannot wear most types of armour.
You are amphibious.
You can wear up to eight rings at the same time.
You can use your tentacles to constrict eight enemies at once.
Your skin changes colour to match your surroundings (Stealth).
Your rubbery body absorbs attacks (AC +1).


Message History

Azzok's ghost hits you.
* * * LOW HITPOINT WARNING * * *
Azzok's ghost points at you and mumbles some strange words.
You are confused.
You bump into the rock wall.
Azzok's ghost hits you but does no damage.
You bump into the rock wall.
Azzok's ghost hits you.
* * * LOW HITPOINT WARNING * * *
Azzok's ghost gestures at you while chanting.
You are outlined in light.
You bump into the rock wall.
You bump into the rock wall.
You feel less confused. Azzok's ghost hits you!
* * * LOW HITPOINT WARNING * * *
Azzok's ghost barely misses you. Azzok's ghost casts a spell at you.
You fall asleep.
Azzok's ghost hits you!
You wake up.
You die...

##.#.#..#######.#
..
................#
#....
#.#.#..#########
..... ..........#
##... .....
...##...#.# .....
#... # #.....#
###.# #..#
#..#..# ###.#
#..#
#######.....#
.##.# #..#
#.@......#.##
.##.###..#
#W########.#
.........######o#
#.#
###.............#
#.#
....####.########
#.# ....#
#.......# #####
#######.#


You could see Azzok's ghost and an orc.

Vanquished Creatures
  A giant frog (D:4)
  The ghost of Oracle the Vexing, a weakling DEEn (D:3)
  A worker ant (D:4)
  3 adders
  2 worms (D:2)
  6 giant geckos
  3 orcs (D:3)
  5 giant cockroaches
  11 goblins
  7 hobgoblins
  5 jackals
  7 kobolds
  2 quokkas (D:2)
  2 ball pythons
  7 bats
  2 giant newts
  6 rats
71 creatures vanquished.

Notes
Turn   | Place    | Note
--------------------------------------------------------------
     0 | D:1      | Azzok the Octopode Fighter began the quest for the Orb.
     0 | D:1      | Reached XP level 1. HP: 16/16 MP: 1/1
    69 | D:1      | Reached skill level 1 in Stealth
   352 | D:1      | Reached XP level 2. HP: 21/21 MP: 2/2
   748 | D:1      | Reached XP level 3. HP: 26/26 MP: 3/3
  1079 | D:2      | Found a white marble altar of Elyvilon.
  1191 | D:2      | Found a blossoming altar of Fedhas.
  1244 | D:2      | Reached XP level 4. HP: 26/31 MP: 4/4
  1245 | D:2      | Found a glowing golden altar of the Shining One.
  1248 | D:2      | Found an ancient bone altar of Kikubaaqudgha.
  1270 | D:2      | Reached skill level 4 in Stealth
  1285 | D:2      | Found a faded altar to an unknown god.
  1526 | D:2      | Found a snail-covered altar of Cheibriados.
  1705 | D:3      | Noticed Oracle's ghost (weakling DEEn)
  1726 | D:3      | Killed Oracle's ghost
  1726 | D:3      | Reached skill level 5 in Stealth
  1962 | D:3      | Reached XP level 5. HP: 31/36 MP: 5/5
  2397 | D:4      | Found Heneijio's Jewellery Emporium.
  2556 | D:4      | Reached skill level 6 in Stealth
  2556 | D:4      | Reached XP level 6. HP: 33/42 MP: 6/6
  2611 | D:4      | Noticed Azzok's ghost (amateur SpEn)
  2662 | D:4      | HP: 1/42 [Azzok's ghost (7)]
  2666 | D:4      | Mangled by Azzok's ghost

Vault maps used:
D:1:      dpeg_arrival_rhombi
D:2:      elyvilon_altar_4, cheibriados_altar_1,
          gammafunk_temple_overflow_forgotten, ecumenical_altar_1
D:3:      minmay_quantized
D:4:      evilmike_ruin_ashenzari, serial_shops, shop, first_bread

Action                   |  1- 3 |  4- 6 || total
-------------------------+-------+-------++-------
Melee: Rapier            |    75 |    10 ||    85
       Short sword       |       |    81 ||    81
  Use: Scroll            |       |     9 ||     9
 Stab: Sleeping          |     8 |    14 ||    22
  Eat: Chunk             |     1 |     4 ||     5
